 Dungeon Crawl Stone Soup version 0.18.1-1-g2f07953 (webtiles) character file.

59 Amciq the Skirmisher (level 4, -2/40 HPs)
             Began as a Hill Orc Fighter on Sept 16, 2016.
             Slain by an orc
             ... wielding a +0 club
              (4 damage)
             ... on level 2 of the Dungeon.
             The game lasted 00:03:09 (1337 turns).

Amciq the Skirmisher (Hill Orc Fighter)             Turns: 1337, Time: 00:03:09

Health: -2/40      AC:  7    Str: 29    XL:     4   Next: 3%
Magic:  4/4        EV:  8    Int:  8    God:
Gold:   69         SH: 10    Dex: 10    Spells: 0 memorised, 3 levels left

rFire  . . .     SeeInvis .     a - +0 war axe
rCold  . . .     Gourm    .     b - +0 scale mail
rNeg   . . .     Faith    .     c - +0 shield
rPois  .         Spirit   .     (no helmet)
rElec  .         Dismiss  .     (no cloak)
rCorr  .         Reflect  .     (no gloves)
SustAt .         Harm     .     (no boots)
MR     .....                    (no amulet)
Stlth  +.........               t - +5 ring of strength
                                n - ring of stealth

@: mighty, not resistant to hostile enchantments, very unstealthy
A: no striking features
a: no special abilities


You were on level 2 of the Dungeon.
You were hungry.

You visited 1 branch of the dungeon, and saw 3 of its levels.

You collected 69 gold pieces.

Inventory:

Hand Weapons
 a - a +0 war axe (weapon)
Armour
 b - a +0 scale mail (worn)
 c - a +0 shield (worn)
Jewellery
 n - a ring of stealth (left hand)
 t - a +5 ring of strength (right hand)
Scrolls
 k - a scroll of noise {unknown}
 m - a scroll of remove curse {unknown}
 o - a scroll of immolation {unknown}
 q - a scroll of magic mapping {unknown}
 r - a scroll of identify {unknown}
 s - a scroll of enchant weapon {unknown}
Potions
 d - 2 potions of might
 e - 3 potions of heal wounds {unknown}
 i - a potion of magic {unknown}
 j - a potion of brilliance {unknown}
 p - a potion of haste {unknown}
Comestibles
 f - 2 bread rations
 g - 2 meat rations
 h - a beef jerky
 l - a chunk of flesh


   Skills:
 + Level 4.2 Fighting
 + Level 3.3 Axes
 + Level 4.0 Armour
 + Level 0.2 Dodging
 + Level 3.8 Shields


You had 3 spell levels left.
You didn't know any spells.

Dungeon Overview and Level Annotations

Branches:
Dungeon (3/15)

Altars:
Cheibriados
Nemelex Xobeh


Message History

The puff of flame hits you!
* * * LOW HITPOINT WARNING * * *
Drink which item? (? for menu, Esc to quit)
You feel very mighty all of a sudden. The orc hits you with a club.
* * * LOW HITPOINT WARNING * * *
Something hits you but does no damage.
You barely miss the orc.
The orc is severely wounded.
You barely miss something. You block the orc's attack.
Something hits you but does no damage.
Your shield and scale mail prevent you from hitting the orc.
The orc is severely wounded.
You miss something. Something hits you but does no damage.
You block the orc's attack. Something hits you but does no damage.
You closely miss the orc.
The orc is severely wounded.
You closely miss something. You block the orc's attack.
Something hits you but does no damage. The orc hits you with a club.
You die...

#################
#...............#
##...............#
#................'
#................#
#................#
#.############...#
#o# #...##...#
#@#######...######
#>{.....'...'.....
####.####...######
#.# #.>.# #.#
#...#
#####.####...#
#...#...##...#
######
#.#.#.####...##
#....###.#...#
#....#


You could see an orc.

Vanquished Creatures
  A gnoll (D:1)
  An adder (D:2)
  2 dart slugs (D:1)
  A giant gecko (D:2)
  3 orcs (D:2)
  2 giant cockroaches (D:2)
  4 goblins
  5 hobgoblins
  A jackal (D:2)
  A ball python (D:2)
  3 bats
  3 giant newts
  5 rats
32 creatures vanquished.

Notes
Turn   | Place    | Note
--------------------------------------------------------------
     0 | D:1      | Amciq the Hill Orc Fighter began the quest for the Orb.
     0 | D:1      | Reached XP level 1. HP: 19/19 MP: 1/1
    46 | D:1      | Reached XP level 2. HP: 23/27 MP: 2/2
   348 | D:1      | Reached XP level 3. HP: 33/33 MP: 3/3
  1055 | D:2      | Found a snail-covered altar of Cheibriados.
  1158 | D:2      | Found a sparkling altar of Nemelex Xobeh.
  1320 | D:2      | Reached XP level 4. HP: 39/40 MP: 4/4
  1333 | D:2      | HP: 2/40 [something/puff of flame (4)]
  1337 | D:2      | Slain by an orc

Skill      XL: |  1  2  3  4 |
---------------+-------------+-----
Fighting       | 4 |  4.2
Axes           | 3 |  3.3
Armour         | 4 |  4.0
Dodging        | |  0.2
Shields        | |  3.8

Action                   |  1- 3 |  4- 6 || total
-------------------------+-------+-------++-------
Melee: War axe           |    97 |    10 ||   107
  Use: Potion            |       |     1 ||     1
  Eat: Chunk             |     1 |       ||     1
Armor: Scale mail        |    48 |     9 ||    57
Dodge: Dodged            |    29 |     4 ||    33
Block: Shield            |    52 |    10 ||    62
